 Dungeon Crawl Stone Soup version 0.23-a0-767-gdc19b93d68 (webtiles) character file.

582 Hercules1031 the Cudgeler (level 7, 0/70 HPs)
             Began as a Troll Monk on Jan 19, 2019.
             Was a Believer of Ashenzari.
             Slain by a gnoll
             ... wielding a +0 spear
              (7 damage)
             ... on level 4 of the Dungeon.
             The game lasted 00:10:03 (2854 turns).

Hercules1031 the Cudgeler (Troll Monk)              Turns: 2854, Time: 00:10:03

Health: 0/70       AC:  7    Str: 22    XL:     7   Next: 14%
Magic:  6/6        EV: 11    Int:  6    God:    Ashenzari [**....]
Gold:   212        SH:  0    Dex: 12    Spells: 6/6 levels left

rFire    x . .     SeeInvis .   t - +0 giant club
rCold    + . .     Gourm    +   (shield currently unavailable)
rNeg     . . .     Faith    .   b - +0 robe
rPois    .         Spirit   .   (helmet restricted)
rElec    .         Reflect  .   (no cloak)
rCorr    .         Harm     .   (gloves unavailable)
MR       .....                  (boots unavailable)
Stlth    ++........             (no amulet)
HPRegen  0.61/turn              v - +2 ring of protection
MPRegen  0.10/turn              e - ring of ice

@: no status effects
A: large, unfitting armour, claws 3, fast metabolism 3, gourmand, regeneration
1, shaggy fur 1, tough skin 2
a: Curse Item, Scrying, Renounce Religion


You were on level 4 of the Dungeon.
You worshipped Ashenzari.
Ashenzari was pleased with you.
You were very hungry.

You visited 2 branches of the dungeon, and saw 6 of its levels.

You collected 212 gold pieces.

Inventory:

Hand Weapons
 a - a +0 mace
 p - a +0 flail of protection
 t - a +0 giant club (weapon)
Armour
 b - a +0 robe (worn)
Jewellery
 e - a ring of ice (right claw)
 v - a +2 ring of protection (left claw)
Wands
 c - a wand of paralysis (13)
Scrolls
 d - 4 scrolls of identify {unknown}
 f - 2 scrolls of magic mapping {unknown}
 i - 3 scrolls of teleportation {unknown}
 k - a scroll of amnesia {unknown}
 l - a scroll of immolation {unknown}
 m - a scroll of fog {unknown}
 o - 2 scrolls of enchant armour {unknown}
 q - 4 scrolls of enchant weapon {unknown}
 r - a scroll of remove curse
Potions
 g - a potion of lignification {unknown}
 h - a potion of cancellation {unknown}
 j - a potion of might {unknown}
 u - a potion of magic


   Skills:
 + Level 4.0 Fighting
 * Level 5.6 Maces & Flails
 + Level 4.0 Dodging
 - Level 1.0 Stealth


You had 6 spell levels left.
You didn't know any spells.
Your spell library was empty.

Dungeon Overview and Level Annotations

Branches:
Dungeon (5/15)             Temple (1/1) D:4

Altars:
Ashenzari
Cheibriados
Dithmenos
Elyvilon
Fedhas
Gozag
Hepliaklqana
Kikubaaqudgha
Makhleb
Nemelex Xobeh
Okawaru
Ru
Sif Muna
Trog
Uskayaw
Vehumet
Wu Jian
Xom
Yredelemnul
Zin
The Shining One


Innate Abilities, Weirdness & Mutations

You are too large for most types of armour.
You have claws for hands.
Your metabolism is lightning-fast.
You like to eat raw meat.
Your natural rate of healing is unusually fast.
You are covered in fur. (AC +1)
You have very tough skin. (AC +2)


Message History

The gnoll completely misses you. The gnoll barely misses you.
The gnoll closely misses you.
You sock the gnoll!
You kill the gnoll!
Your Dodging skill increases to level 4!
The gnoll hits you from afar with a +0 spear!
* * * LOW HITPOINT WARNING * * *
The gnoll hits you from afar with a +0 spear!
* * * LOW HITPOINT WARNING * * *
Okay, then.
The gnoll closely misses you.
You see here a throwing net.
The gnoll closely misses you. The gnoll completely misses you.
You see here a throwing net.
You hit the gnoll.
The gnoll is moderately wounded.
The gnoll hits you with a +0 spear!
* * * LOW HITPOINT WARNING * * *
The gnoll hits you with a +0 spear!
You die...

#.##..#......#...##....>...# ##.
..........#.##....#........####..
........#...##.............#.....
.........#...#....#.............#
.........###.####...)........####
.........# #.## ###..........#
.........###...##.)..<.......#
..........# ##...g####....##.##
........#.# ##.@###.......#...##
........#.#####...##.......###..#
####.##.......#.#..........####.#
#............###........).(#.#
####.......###...##.........#†(((
........(..# ###.............#.#.
..[........###...#.....<...#.....
(....#..#......##..........##....
..................##.......####..


You could see a gnoll.

Vanquished Creatures
  An ogre (D:4)
  Blork the orc (D:4)
  2 bullfrog zombies
  A gnoll shaman (D:4)
  An orc wizard (D:4)
  An iguana (D:4)
  Ijyb (D:4)
  A worker ant (D:3)
  4 gnolls (D:4)
  7 adders
  An ooze (D:2)
  An adder skeleton (D:4)
  3 worms
  6 leopard geckos
  9 orcs
  A ball python (D:2)
  6 bats
  7 giant cockroaches
  5 hobgoblins
  7 jackals (D:2)
  4 kobolds
  3 quokkas
  5 frilled lizards
  16 goblins
  6 rats
100 creatures vanquished.

Notes
Turn   | Place    | Note
-------+----------+-------------------------------------------
     0 | D:1      | Hercules1031 the Troll Monk began the quest for the Orb.
     0 | D:1      | Reached XP level 1. HP: 22/22 MP: 0/0
   159 | D:1      | Reached skill level 3 in Maces & Flails
   159 | D:1      | Reached XP level 2. HP: 27/29 MP: 1/1
   616 | D:1      | You fall through a shaft!
   628 | D:2      | Found a sparkling altar of Nemelex Xobeh.
   633 | D:2      | Reached XP level 3. HP: 33/36 MP: 2/2
  1102 | D:2      | Reached XP level 4. HP: 44/44 MP: 3/3
  1471 | D:3      | You fall through a shaft for 2 floors!
  1471 | D:5      | Entered Level 5 of the Dungeon
  1480 | D:4      | Noticed an ogre
  1489 | D:4      | Killed an ogre
  1489 | D:4      | Reached skill level 4 in Maces & Flails
  1489 | D:4      | Reached XP level 5. HP: 37/53 MP: 4/4
  1695 | D:3      | Reached XP level 6. HP: 55/61 MP: 5/5
  2102 | D:3      | Reached skill level 5 in Maces & Flails
  2432 | D:4      | Noticed Blork the orc
  2440 | D:4      | Killed Blork the orc
  2527 | D:4      | Noticed Ijyb
  2575 | D:4      | Killed Ijyb
  2611 | D:4      | Reached XP level 7. HP: 42/68 MP: 6/6
  2712 | D:4      | Found a staircase to the Ecumenical Temple.
  2721 | Temple   | Entered the Ecumenical Temple
  2783 | Temple   | Became a worshipper of Ashenzari the Shackled
  2783 | Temple   | Reached * piety under Ashenzari
  2783 | Temple   | Reached ** piety under Ashenzari
  2854 | D:4      | Slain by a gnoll

Vault maps used:
D:1:      eino_arrival_druids_welcome, serial_rivers,
          chequers_serial_rivers_small_a, chequers_serial_rivers_room_a,
          chequers_serial_rivers_small_3, chequers_serial_rivers_room_a
D:2:      nemelex_dance_club_becter
D:3:      first_ration, minmay_misc_feat_alley
D:4:      minmay_temple_entry_slanted, uniq_blork_the_orc, uniq_ijyb
D:5:      lemuel_crystal_altar, gup_sewer_entry_bubbles, uniq_pikel
Temple:   grunt_wide_crystal_templ

Skill      XL: |  1  2  3  4  5  6  7 |
---------------+----------------------+-----
Maces & Flails | 3 4 5 |  5.6
Fighting       | 3 4 |  4.0
Dodging        | 3 4 |  4.0
Stealth        | |  1.0

Action                   |  1- 3 |  4- 6 |  7- 9 || total
-------------------------+-------+-------+-------++-------
Melee: Mace              |    94 |       |       ||    94
       Flail             |    46 |    68 |       ||   114
       Giant club        |       |   174 |    14 ||   188
  Use: Potion            |       |     6 |       ||     6
 Stab: Sleeping          |       |     2 |       ||     2
       Invisible         |       |     1 |       ||     1
  Eat: Ration            |     3 |     4 |       ||     7
Armor: Robe              |   106 |    96 |     6 ||   208
Dodge: Dodged            |   104 |   185 |    25 ||   314

Table legend:
 A = Non-vault XP
 B = Vault XP
 C = Vault XP percentage of total XP
 D = Non-vault monster count
 E = Vault monster count
 F = Vault count percentage of total count
                 A         B        C        D         E       F
            +---------+---------+-------+---------+---------+-------
      Total |     687 |     145 |  17.4 |      96 |       4 |   4.0
            +---------+---------+-------+---------+---------+-------
        D:1 |      34 |       0 |   0.0 |      18 |       0 |   0.0
        D:2 |      94 |      10 |   9.6 |      32 |       2 |   5.9
        D:3 |     186 |       0 |   0.0 |      30 |       0 |   0.0
        D:4 |     373 |     135 |  26.6 |      16 |       2 |  11.1
            +---------+---------+-------+---------+---------+-------
